 Dungeon Crawl Stone Soup version 0.30-a0-726-gd89dcf765f (webtiles) character file.

Game seed: 14479310359792998970

8246 Conn the Thaumaturge (level 11, -2/84 HPs)
             Began as a Deep Elf Fire Elementalist on Jan 29, 2023.
             Was a Believer of Sif Muna.
             Killed from afar by a tengu conjurer (25 damage)
             ... with a bolt of lightning
             ... on level 9 of the Dungeon.
             The game lasted 00:25:59 (10228 turns).

Conn the Thaumaturge (Deep Elf Fire Elementalist)  Turns: 10228, Time: 00:26:00

Health: -2/84      AC: 25    Str:  5    XL:     11   Next: 7%
Magic:  0/28       EV:  2    Int: 25    God:    Sif Muna [**....]
Gold:   513        SH:  0    Dex: 15    Spells: 6/32 levels left

rFire   + + .      SeeInvis .    a - staff of conjuration
rCold   x . .      Faith    .    (no shield)
rNeg    . . .      Spirit   +    (body armour currently unavailable)
rPois   +          Reflect  .    (helmet currently unavailable)
rElec   .          Harm     .    (cloak currently unavailable)
rCorr   .          Rampage  .    (gloves currently unavailable)
Will    +....      NoTele   +    (boots currently unavailable)
Stlth   +++                      g - amulet of guardian spirit
HPRegen 0.34/turn                t - ring of fire
MPRegen 0.21/turn                N - ring of protection from fire

@: tree-form (expiring)
A: stationary, stasis, torment immunity, boosted hp, (horns 1), deterioration 1,
(poison resistance)
a: Renounce Religion, Channel Magic


You were on level 9 of the Dungeon.
You worshipped Sif Muna.
Sif Muna was pleased with you.
You were a tree.
You visited 2 branches of the dungeon, and saw 10 of its levels.
You also visited: Ossuary.

You collected 569 gold pieces.
You spent 56 gold pieces at shops.

Inventory:

Hand Weapons
 b - a +1 short sword of protection
 l - a +1 shortbow of electrocution
Missiles
 s - 29 poisoned darts
 M - a throwing net
Armour
 r - a +2 pair of boots (melded)
 z - a +3 leather armour of cold resistance (melded)
 G - a +2 pair of gloves (melded)
 I - a +0 robe of willpower
Magical Staves
 a - a staff of conjuration (weapon)
 q - a staff of earth
Jewellery
 g - an amulet of guardian spirit (around neck)
 t - a ring of fire (left branch)
 x - the amulet of Elemental Vulnerability {rPois rF-- rC-- AC+8}
   (You found it on level 7 of the Dungeon)

   [amulet of nothing]

   AC:        It affects your AC (+8).
   rF:        It makes you very vulnerable to fire.
   rC:        It makes you very vulnerable to cold.
   rPois:     It protects you from poison.
 N - a ring of protection from fire (right branch)
Wands
 c - a wand of flame (20)
 n - a wand of polymorph (25)
 v - a wand of mindburst (21)
 H - a wand of iceblast (7)
 J - a wand of paralysis (3)
Scrolls
 f - 6 scrolls of teleportation
 i - 3 scrolls of amnesia
 k - 4 scrolls of immolation
 o - 3 scrolls of poison
 w - 3 scrolls of blinking
 y - a scroll of fog
 B - a scroll of torment {unknown}
 C - 2 scrolls of fear
 E - a scroll of enchant armour
Potions
 e - 7 potions of curing
 h - a potion of might
 j - a potion of berserk rage {unknown}
 m - a potion of cancellation {unknown}
 p - 2 potions of flight
 u - a potion of haste
 A - a potion of degeneration {unknown}
 D - 3 potions of attraction
 F - a potion of brilliance {unknown}
 K - 2 potions of magic
 L - a potion of heal wounds {unknown}


   Skills:
 + Level 1.1 Fighting
 + Level 2.2 Short Blades
 + Level 0.4 Staves
 * Level 3.4 Armour
 * Level 6.2 Dodging
 + Level 4.2 Stealth
 + Level 11.3 Spellcasting
 * Level 6.7 Conjurations
 + Level 2.1 Hexes
 + Level 9.0 Fire Magic
 + Level 4.4 Air Magic
 + Level 4.8 Earth Magic
 - Level 4.8 Poison Magic
 + Level 1.0 Invocations
 + Level 0.5 Evocations


You had 6 spell levels left.
You knew the following spells:

 Your Spells              Type           Power      Damage    Failure   Level
a - Foxfire               Conj/Fire      100%       2x1d9     1%          1
b - Mephitic Cloud        Conj/Pois/Air  57%        N/A       1%          3
c - Inner Flame           Hex/Fire       58%        N/A       1%          3
d - Flame Wave            Conj/Fire      88%        2d19      1%          4
e - Scorch                Fire           100%       2d10      1%          2
f - Blink                 Tloc           28%        N/A       6%          2
g - Iskenderun's Battles  Conj           64%        2d11      8%          5
h - Starburst             Conj/Fire      44%        6d12      26%         6

Your spell library contained the following spells:

 Spells                   Type           Power      Damage    Failure   Level
 Cigotuvi's Dreadful Rot  Necr/Pois/Air  58%        N/A       1%          2
 Poisonous Vapours        Pois/Air       74%        N/A       1%          2
 Kindle Blastsparks       Fire/Tloc/Air  100%       2d18      1%          3
 Swiftness                Air            36%        N/A       1%          3
 Passwall                 Tmut/Erth      21%        N/A       2%          2
 Ensorcelled Hibernation  Hex/Ice        38%        N/A       4%          2
 Tukima's Dance           Hex            24%        N/A       5%          3
 Portal Projectile        Hex/Tloc       38%        N/A       9%          3
 Lightning Bolt           Conj/Air       29%        1d45      12%         5
 Manifold Assault         Tloc           14%        N/A       38%         4
 Passage of Golubria      Tloc           14%        N/A       38%         4
 Yara's Violent Unravell  Hex/Tmut       9%         3d6       61%         5
 Blade Hands              Tmut           7%         N/A       77%         5
 Storm Form               Tmut/Air       12%        N/A       100%        7


Dungeon Overview and Level Annotations

Branches:
Dungeon (9/15)             Temple (1/1) D:5         Ossuary (visited)
   Lair: D:8-11         Orc: D:9-12

Altars:
Cheibriados
Elyvilon
Fedhas
Gozag
Hepliaklqana
Makhleb
Nemelex Xobeh
Okawaru
Qazlal
Ru
Sif Muna
Trog
Uskayaw
Vehumet
Wu Jian
Xom
Yredelemnul
Zin
The Shining One

Shops:
D:7 ?   D:9 ?


Innate Abilities, Weirdness & Mutations

You are a tree.
Your roots penetrate the ground, keeping you stationary.
You cannot be teleported.
You are immune to unholy pain and torment.
Your maximum health is greatly increased.
Your equipment is partially melded.
((You have a pair of small horns on your head.))
Your body sometimes deteriorates upon taking damage.
((Your system is resistant to poisons. (rPois)))


Message History

The brown ugly thing is heavily wounded.
You finish channelling waves of flame.
Your transformation is almost over.
Your battlesphere fires!
The barrage of energy hits the brown ugly thing!
The brown ugly thing is almost dead.
The brown ugly thing gores you.
* * * LOW HITPOINT WARNING * * *
You are splashed with acid!
* * * LOW HITPOINT WARNING * * *
Your Fire Magic skill increases to level 9!
Your Invocations skill increases to level 1!
You have reached level 11!
Press: ? - help, v - describe, . - travel
Here: a brown ugly thing (severely wounded, ally target)
The floor, spattered with blood.
Unknown command.
Unknown command.
Casting: Flame Wave (dangerous; 1% risk of failure)
Confirm with . or Enter, or press ? or * to list all spells.
Okay, then.
Unknown command.
Unknown command.
You feel better.
A tengu conjurer comes into view.
The brown ugly thing gores you but does no damage.
Okay, then.
Casting: Flame Wave (dangerous; 1% risk of failure)
Confirm with . or Enter, or press ? or * to list all spells.
Casting: Flame Wave (dangerous; 1% risk of failure)
Press: ? - help, Dir - look around, f - activate You feel a strong surge of power!
A wave of flame ripples out!
The flame wave engulfs the brown ugly thing!
You kill the brown ugly thing!
Sif Muna accepts your kill. (Press . to intensify the flame waves.)
Your battlesphere wavers and loses cohesion.
The tengu conjurer casts a spell at you.
The bolt of lightning hits you!!
You die...

....#######
#.##.#.#.#..###...##
##........####..#........#
##....
##..............##......##
#.)..
##...####...##...#.#.#..#
##.## .....#
#...##...##.#..## #...
.....####...##.>..#..(.# #
##..
..................##..##.#
#..
##..######....☼.).☼#..Q.##
##.
##..#....#......♣).#..#)..
#. ....#....#......#†.Q#
## ....#....#......#.#.##
# ....#..###........#..# #
....#..#######.....#.##
....'...#....#........#
....#...#....#.###....##
#...#...#....'.....##..#
....#####..###.....###.##


You could see a tengu conjurer.

Vanquished Creatures
  A hydra (D:9)
  3 tengu warriors (D:9)
  Pikel (D:8)
  An ugly thing (D:9)
  A manticore (D:9)
  Psyche (D:8)
  Grinder (D:4)
  A slime creature (D:9)
  A wraith (Ossuary)
  Eustachio (D:4)
  A wyvern (D:9)
  3 steam dragons
  An acid dragon (D:9)
  2 water moccasins
  An orc warrior (D:7)
  3 sky beasts
  2 black bears
  An ice beast (D:7)
  3 centaurs
  2 phantoms
  2 kobold brigands (D:9)
  4 bullfrogs
  5 scorpions
  A gnoll sergeant (D:7)
  2 necrophages
  A water moccasin zombie (D:4)
  4 wights (D:6)
  4 killer bees (D:8)
  A bullfrog zombie (D:4)
  4 jellies
  3 hounds
  4 iguanas
  3 scorpion zombies (D:4)
  7 orc wizards
  A hound zombie (D:4)
  A mummy (Ossuary)
  3 gnolls (D:7)
  10 adders
  A shadow imp (D:7)
  3 white imps
  An adder skeleton (D:4)
  3 dart slugs
  28 orcs
  7 endoplasms
  2 giant cockroaches
  8 goblins
  8 hobgoblins
  9 jackals
  3 quokkas (D:5)
  8 ball pythons
  3 bats (D:1)
  4 frilled lizards
  9 gnoll skeletons (Ossuary)
  7 kobolds
  7 kobold skeletons (Ossuary)
  9 orc skeletons (Ossuary)
  4 rats
215 creatures vanquished.

Vanquished Creatures (collateral kills)
  A foxfire (D:6)
1 creature vanquished.

Vanquished Creatures (others)
  A bullfrog (D:5)
  489 foxfires
  3 fungi (D:6)
  2 withered plants (D:4)
495 creatures vanquished.

Grand Total: 711 creatures vanquished

Notes
Turn   | Place    | Note
-------+----------+-------------------------------------------
     0 | D:1      | Conn the Deep Elf Fire Elementalist began the quest for the
                  | Orb.
     0 | D:1      | Reached XP level 1. HP: 10/10 MP: 6/6
   372 | D:1      | Reached XP level 2. HP: 15/15 MP: 6/8
  1157 | D:2      | Reached XP level 3. HP: 19/19 MP: 3/10
  1160 | D:2      | Learned a level 2 spell: Scorch
  1164 | D:2      | Learned a level 3 spell: Inner Flame
  1741 | D:2      | Reached skill level 4 in Spellcasting
  1813 | D:2      | Reached XP level 4. HP: 24/24 MP: 8/12
  3078 | D:4      | Noticed a phantom
  3087 | D:4      | Killed a phantom
  3088 | D:4      | Reached skill level 1 in Short Blades
  3088 | D:4      | Reached XP level 5. HP: 28/28 MP: 4/14
  3091 | D:4      | Noticed Eustachio
  3196 | D:3      | Learned a level 4 spell: Flame Wave
  3200 | D:3      | Learned a level 3 spell: Mephitic Cloud
  3255 | D:4      | Noticed Grinder
  3265 | D:4      | Killed Grinder
  3266 | D:4      | Reached skill level 5 in Spellcasting
  3266 | D:4      | Reached skill level 1 in Air Magic
  3266 | D:4      | Reached skill level 1 in Earth Magic
  3266 | D:4      | Reached skill level 1 in Poison Magic
  3266 | D:4      | Reached XP level 6. HP: 26/32 MP: 3/16
  3281 | D:4      | Found a sand-covered staircase.
  3298 | Ossuary  | Entered an ossuary
  3298 | Ossuary  | Noticed a wraith
  3298 | Ossuary  | Noticed a wraith
  3298 | Ossuary  | Noticed a wraith
  3470 | Ossuary  | Noticed a wraith
  3476 | Ossuary  | Killed a wraith
  3477 | Ossuary  | Reached skill level 5 in Fire Magic
  3477 | Ossuary  | Reached XP level 7. HP: 36/36 MP: 6/17
  4071 | D:4      | Reached skill level 6 in Spellcasting
  4418 | D:4      | Killed Eustachio
  4917 | D:4      | Reached XP level 8. HP: 40/41 MP: 14/20
  5164 | D:5      | Entered Level 5 of the Dungeon
  5180 | D:5      | Reached skill level 7 in Spellcasting
  5887 | D:5      | Found a staircase to the Ecumenical Temple.
  5902 | Temple   | Entered the Ecumenical Temple
  6153 | Temple   | Became a worshipper of Sif Muna the Loreminder
  6535 | D:6      | Found a white marble altar of Elyvilon.
  6879 | D:6      | Reached skill level 1 in Armour
  6990 | D:6      | Reached XP level 9. HP: 46/46 MP: 12/22
  7125 | D:6      | Reached skill level 8 in Spellcasting
  7270 | D:6      | Reached * piety under Sif Muna
  8031 | D:7      | Reached skill level 1 in Hexes
  8037 | D:7      | Reached skill level 9 in Spellcasting
  8051 | D:7      | Gained mutation: You do not regenerate when monsters are
                  | visible. [potion of mutation]
  8051 | D:7      | Gained mutation: You occasionally lose the ability to drink
                  | potions when taking damage. [potion of mutation]
  8052 | D:7      | Lost mutation: You do not regenerate when monsters are
                  | visible. [potion of mutation]
  8052 | D:7      | Lost mutation: You occasionally lose the ability to drink
                  | potions when taking damage. [potion of mutation]
  8052 | D:7      | Gained mutation: Your system is resistant to poisons.
                  | (rPois) [potion of mutation]
  8052 | D:7      | Gained mutation: Your body sometimes deteriorates upon
                  | taking damage. [potion of mutation]
  8052 | D:7      | Gained mutation: You have a pair of small horns on your
                  | head. [potion of mutation]
  8184 | D:7      | Found the amulet of Elemental Vulnerability {rPois rF--
                  | rC-- AC+8}
  8467 | D:7      | Found The Oracle's Delphic Readings.
  8480 | D:7      | Got the Vellum of Gases and Trauma
  8484 | D:7      | Learned a level 2 spell: Blink
  8490 | D:7      | Learned a level 5 spell: Iskenderun's Battlesphere
  8497 | D:7      | Learned a level 6 spell: Starburst
  8775 | D:8      | Noticed Psyche
  8782 | D:8      | Killed Psyche
  8782 | D:8      | Noticed Pikel
  8783 | D:8      | Reached XP level 10. HP: 43/51 MP: 9/25
  8787 | D:8      | Killed Pikel
  8788 | D:8      | Reached skill level 5 in Dodging
  8788 | D:8      | Reached skill level 10 in Spellcasting
  8788 | D:8      | Reached skill level 5 in Conjurations
  9093 | D:8      | Reached ** piety under Sif Muna
 10085 | D:9      | Found Cuptoi's Magic Scroll Shop.
 10099 | D:9      | Bought a scroll of fear for 56 gold pieces
 10192 | D:9      | Noticed a tengu warrior
 10205 | D:9      | Killed a tengu warrior
 10208 | D:9      | Noticed a tengu warrior
 10211 | D:9      | Noticed a tengu warrior
 10215 | D:9      | Reached skill level 1 in Fighting
 10215 | D:9      | Killed a tengu warrior
 10216 | D:9      | Killed a tengu warrior
 10217 | D:9      | Reached skill level 11 in Spellcasting
 10219 | D:9      | Noticed a manticore
 10220 | D:9      | Noticed a seven-headed hydra
 10222 | D:9      | Killed a manticore
 10223 | D:9      | Noticed a brown ugly thing
 10226 | D:9      | Killed a seven-headed hydra
 10227 | D:9      | Reached skill level 1 in Invocations
 10227 | D:9      | Reached XP level 11. HP: 17/56 MP: 5/28
 10228 | D:9      | Killed a brown ugly thing
 10228 | D:9      | Killed from afar by a tengu conjurer

Illustrated notes

Levels and vault maps discovered:
D:1:      roderic_dead_forest, layout_basic
D:2:      layout_loops_ring
D:3:      layout_basic, minivault_26, guppyfry_early_orc_mine
D:4:      layout_basic, chequers_ossuary_entry_cave, serial_undead,
          serial_undead_c, serial_undead_d, serial_undead_f, serial_undead_a,
          uniq_eustachio, uniq_grinder
D:5:      layout_basic, minmay_temple_entry_glass
D:6:      kennysheep_steamy, layout_basic, elyvilon_altar_4
D:7:      layout_loops_ring, nicolae_nh_oracle_at_delphi
D:8:      layout_cave_pools, minmay_misc_feat_tiny, uniq_psyche, uniq_pikel
D:9:      minmay_the_grid_triangle_9x9_rhombus_thin_mashed
          [minmay_the_grid_triangle_9x9_subtriangle,
          minmay_the_grid_triangle_9x9_prize_special,
          minmay_the_grid_triangle_9x9_zippers_horizontal,
          minmay_the_grid_triangle_9x9_longest], layout_stronghold,
          serial_shops, nicolae_shop_statue_plus, kennysheep_generic_room_2
Temple:   mainiacjoe_temple_starburst

Skill      XL: |  1  2  3  4  5  6  7  8  9 10 |
---------------+-------------------------------+-----
Dodging        | 3 4 6 |  6.2
Conjurations   | 2 3 4 6 |  6.7
Spellcasting   | 4 5 6 7 9 11 | 11.3
Fire Magic     | 4 5 6 7 9 |  9.0
Short Blades   | 1 2 |  2.2
Stealth        | 3 4 |  4.2
Air Magic      | 1 2 3 4 |  4.4
Earth Magic    | 1 2 3 4 |  4.8
Poison Magic   | 1 2 4 |  4.8
Armour         | 1 2 3 |  3.4
Hexes          | 1 2 |  2.1
Fighting       | 1 |  1.1
Invocations    | 1 |  1.0
Staves         | |  0.4
Evocations     | |  0.5

Action                     |  1- 3 |  4- 6 |  7- 9 | 10-12 || total
---------------------------+-------+-------+-------+-------++-------
  Melee: Unarmed           |    11 |       |       |       ||    11
         Short sword       |     7 |    16 |    32 |       ||    55
         Punch             |       |     1 |       |       ||     1
         Staff             |       |       |    14 |     7 ||    21
   Cast: Foxfire           |    61 |    62 |   149 |    17 ||   289
         Scorch            |       |    16 |    83 |    14 ||   113
         Inner Flame       |       |       |    10 |     2 ||    12
         Flame Wave        |       |       |     4 |     8 ||    12
         Mephitic Cloud    |       |       |     1 |     2 ||     3
         Blink             |       |       |       |     1 ||     1
         Iskenderun's Batt |       |       |       |     1 ||     1
 Invoke: Channel Magic     |       |       |       |     1 ||     1
  Evoke: Wand              |       |       |       |     4 ||     4
    Use: Potion            |       |     1 |     7 |     3 ||    11
         Scroll            |       |       |    11 |     1 ||    12
   Stab: Sleeping          |     1 |       |     4 |       ||     5
 Armour: Robe              |     4 |     6 |     4 |       ||    14
         Leather armour    |       |       |    28 |     9 ||    37
         Skin              |       |       |       |    28 ||    28
  Dodge: Dodged            |    23 |    26 |    59 |    15 ||   123

Table legend: (Time is in decaauts)
 A = Elapsed time spent in this place.
 B = Non-inter-level travel time spent in this place.
 C = Inter-level travel time spent in this place.
 D = Time resting spent in this place.
 E = Time spent auto-exploring this place.
 F = Levels seen in this place.
 G = Mean time per level.
                   A        B        C        D        E       F      G
               +--------+--------+--------+--------+--------+-----+--------+
         Total |  10212 |   9986 |    226 |    285 |   7739 |  11 |  928.4 |
       Dungeon |   9366 |   9194 |    172 |    285 |   7122 |   9 | 1040.7 |
        Temple |    305 |    251 |     54 |      0 |    244 |   1 |  305.0 |
       Ossuary |    539 |    539 |      0 |      0 |    373 |   1 |  539.0 |
               +--------+--------+--------+--------+--------+-----+--------+

Top non-repeatable levels by time:
     D:3: 1320 daAuts
     D:4: 1311 daAuts
     D:6: 1180 daAuts
     D:7: 1128 daAuts
     D:1: 1099 daAuts
     D:5: 983 daAuts
     D:2: 889 daAuts
     D:9: 863 daAuts
     D:8: 589 daAuts
 Ossuary: 539 daAuts
  Temple: 305 daAuts
